 Dungeon Crawl Stone Soup version 0.23.0-3-gf3c87f2 (webtiles) character file.

Game seed: 3832853368069708730

11431 Monsterracer the Basher (level 11, -3/69 HPs)
             Began as a Tengu Warper on Feb 21, 2019.
             Was a High Priest of Wu Jian.
             Killed from afar by a steam dragon (18 damage)
             ... with a ball of steam
             ... on level 2 of the Lair of Beasts.
             The game lasted 00:21:41 (14463 turns).

Monsterracer the Basher (Tengu Warper)             Turns: 14463, Time: 00:21:42

Health: -3/69      AC: 22    Str: 15    XL:     11   Next: 77%
Magic:  15/15      EV:  7    Int: 16    God:    Wu Jian [*****.]
Gold:   582        SH: 11    Dex: 13    Spells: 12/14 levels left

rFire    . . .     SeeInvis .   a - +4 morningstar
rCold    . . .     Gourm    .   k - +1 shield
rNeg     . . .     Faith    +   v - +3 chain mail
rPois    .         Spirit   .   (helmet restricted)
rElec    .         Reflect  .   x - +0 cloak (curse)
rCorr    .         Harm     .   g - +2 pair of gloves
MR       .....                  (boots unavailable)
Stlth    ..........             p - amulet of faith
HPRegen  0.21/turn              i - +4 ring of protection
MPRegen  0.14/turn              D - +2 ring of intelligence

@: flying quickly and evasively, quick
A: beak, talons 3, able to fly
a: Stop Flying, Wall Jump, Serpent's Lash, Heavenly Storm, Renounce Religion


You were on level 2 of the Lair of Beasts.
You worshipped Wu Jian.
Wu Jian was extremely pleased with you.
You were not hungry.

You visited 3 branches of the dungeon, and saw 13 of its levels.

You collected 582 gold pieces.

Inventory:

Hand Weapons
 a - a +4 morningstar (weapon)
   (You took it off a wight on level 5 of the Dungeon)
Missiles
 A - 2 throwing nets (quivered) {!f}
Armour
 g - a +2 pair of gloves (worn)
   (You found it on level 4 of the Dungeon)
 k - a +1 shield (worn)
   (You found it on level 2 of the Dungeon)
 v - a +3 chain mail (worn)
   (You found it on level 6 of the Dungeon)
 x - a cursed +0 cloak (worn)
   (You found it on level 7 of the Dungeon)
 E - a +1 plate armour of poison resistance
   (You took it off an orc warrior on level 7 of the Dungeon)
Jewellery
 i - a +4 ring of protection (left hand)
   (You found it on level 1 of the Dungeon)
 p - an amulet of faith (around neck)
   (You found it on level 4 of the Dungeon)
 D - a +2 ring of intelligence (right hand)
   (You took it off a kobold on level 8 of the Dungeon)
 F - an uncursed amulet of rage
   (You found it on level 3 of the Dungeon)
Wands
 b - a wand of flame (3)
   (You took it off a kobold on level 4 of the Dungeon)
 y - a wand of polymorph (4)
   (You took it off a wight on level 7 of the Dungeon)
 G - a wand of iceblast (14)
   (You took it off a kobold on level 8 of the Dungeon)
Scrolls
 m - a scroll of magic mapping
 o - a scroll of amnesia
 r - 4 scrolls of remove curse
 s - 2 scrolls of fear {!r}
 t - 2 scrolls of teleportation {!r}
 X - a scroll of blinking
Potions
 d - 5 potions of heal wounds
 e - a potion of curing
 h - 2 potions of haste
 j - 3 potions of might
 l - a potion of invisibility
 n - a potion of lignification
 u - 2 potions of resistance
 w - a potion of ambrosia {!q}
 z - 2 potions of brilliance
 B - 2 potions of mutation {!q}
 C - a potion of cancellation
Comestibles
 c - 20 rations


   Skills:
 + Level 8.4 Fighting
 * Level 12.4 Maces & Flails
 - Level 1.0 Throwing
 + Level 7.9 Armour
 - Level 2.1 Dodging
 + Level 7.9 Shields
 - Level 2.0 Spellcasting
 - Level 2.4 Translocations
 - Level 5.0 Evocations


You had 12 spell levels left.
You knew the following spells:

 Your Spells              Type           Power        Failure   Level  Hunger
e - Blink                 Tloc           N/A          99%         2    ###....

Your spell library contained the following spells:

 Spells                   Type           Power        Failure   Level  Hunger
 Apportation              Tloc           #.....       96%         1    #......
 Animate Skeleton         Necr           N/A          100%        1    #......
 Beastly Appendage        Tmut           #.....       100%        1    #......
 Confusing Touch          Hex            #.....       100%        1    #......
 Magic Dart               Conj           #...         100%        1    #......
 Summon Small Mammal      Summ           #...         100%        1    #......
 Searing Ray              Conj           #.....       100%        2    ###....
 Shroud of Golubria       Chrm/Tloc      #.........   100%        2    ###....
 Sticks to Snakes         Tmut           #.......     100%        2    ###....
 Dazzling Spray           Conj/Hex       #.....       100%        3    ###....
 Gell's Gravitas          Tloc           #.........   100%        3    ###....
 Lesser Beckoning         Tloc           #.........   100%        3    ###....
 Spider Form              Tmut/Pois      #.........   100%        3    ###....
 Teleport Other           Tloc           #.......     100%        3    ###....
 Force Lance              Conj/Tloc      #.......     100%        4    #####..
 Fulminant Prism          Conj/Hex       #.........   100%        4    #####..
 Ice Form                 Ice/Tmut       #.......     100%        4    #####..
 Iskenderun's Mystic Bla  Conj           #.......     100%        4    #####..
 Passage of Golubria      Tloc           N/A          100%        4    #####..
 Blade Hands              Tmut           #.........   100%        5    ######.


Dungeon Overview and Level Annotations

Branches:
Dungeon (10/15)            Temple (1/1) D:4            Lair (2/6) D:10
  Swamp: Lair:2-4    Shoals: Lair:2-4     Snake: Lair:2-4    Spider: Lair:2-4
    Orc: D:9-12

Altars:
Ashenzari
Cheibriados
Dithmenos
Elyvilon
Fedhas
Gozag
Hepliaklqana
Kikubaaqudgha
Makhleb
Nemelex Xobeh
Okawaru
Qazlal
Ru
Sif Muna
Trog
Uskayaw
Vehumet
Wu Jian
Xom
Yredelemnul
Zin
The Shining One


Innate Abilities, Weirdness & Mutations

You have a beak for a mouth.
You have claws for feet.
You can fly continuously.


Message History

The komodo dragon closely misses you.
You spin and attack the komodo dragon.
You closely miss the komodo dragon.
The komodo dragon is lightly wounded.
You spin and attack the yak.
You closely miss the yak.
The yak is heavily wounded.
You block the yak's attack. The komodo dragon bites you!! The yak gores you.
You take 29 damage, and have 39/68 hp.
MASSIVE DAMAGE!!
You spin and attack the yak.
You hit the yak. You claw the yak.
The yak is heavily wounded.
You spin and attack the yak.
You hit the yak but do no damage.
The yak is heavily wounded.
You spin and attack the yak.
You closely miss the yak. Your peck misses the yak.
The yak is heavily wounded.
The yak gores you but does no damage. You block the yak's attack.
You spin and attack the yak.
You hit the yak. Your kick misses the yak. You peck the yak.
The yak is lightly wounded.
The komodo dragon bites something!
You spin and attack the yak.
You sock the yak! You claw the yak, but do no damage.
You peck the yak, but do no damage.
The yak is almost dead.
The komodo dragon bites the plant.
The yak gores you but does no damage.
You spin and attack the yak.
Your shield and chain mail prevent you from hitting the yak.
You claw the yak, but do no damage.
The yak is almost dead.
The yak gores something.
You block the yak's attack.
You sock the yak! You peck the yak, but do no damage.
The yak is heavily wounded.
The yak gores something.
You block the yak's attack. The yak gores you but does no damage.
You spin and attack the yak.
You thump the yak! Your kick misses the yak.
The yak is almost dead.
The yak gores something but does no damage.
The yak gores you but does no damage.
You spin and attack the yak.
You hit the yak. You peck the yak, but do no damage.
The yak is almost dead.
You block the yak's attack.
The yak gores something.
The yak gores you but does no damage.
You spin and attack the yak.
You puncture the yak!
You kill the yak!
The Council accepts your kill.
You spin and attack the yak.
You hit the yak. You claw the yak. You peck the yak.
The yak is almost dead.
The yak gores you but does no damage. You block the yak's attack.
You spin and attack the yak.
You sock the yak!
You kill the yak!
The Council accepts your kill.
You spin and attack the yak.
You hit the yak. You claw the yak.
The yak is severely wounded.
You spin and attack the yak.
You thump the yak! You claw the yak.
The yak is almost dead.
You block the yak's attack.
You spin and attack the komodo dragon.
You sock the komodo dragon!
The komodo dragon is moderately wounded.
You spin and attack the yak.
You thump the yak!
You kill the yak!
The Council accepts your kill. The komodo dragon bites you!
* * * LOW HITPOINT WARNING * * *
You take 15 damage, and have 28/69 hp.
MASSIVE DAMAGE!!
Unknown command.
A komodo dragon comes into view.
The komodo dragon hisses angrily.
All of the chunks of flesh in your inventory have rotted away.
You spin and attack the komodo dragon.
You puncture the komodo dragon! Your kick misses the komodo dragon.
Your peck misses the komodo dragon.
The komodo dragon is moderately wounded.
You spin and attack the komodo dragon.
You puncture the komodo dragon! Your peck misses the komodo dragon.
The komodo dragon is severely wounded.
The komodo dragon closely misses you.
Evoke which item? (* to show all) (? for menu, Esc to quit)
Aiming: Iceblast
Press: ? - help, Shift-Dir - straight line, f - komodo dragon
Aim: a komodo dragon (severely wounded)
The mass of ice explodes!
The iceblast engulfs the komodo dragon!
You kill the komodo dragon!
The Council accepts your kill.
The iceblast engulfs the fungus!!
The fungus is heavily damaged.
The iceblast engulfs the komodo dragon!
The komodo dragon is heavily wounded.
The komodo dragon hisses menacingly.
You spin and attack the komodo dragon.
You closely miss the komodo dragon.
The komodo dragon is heavily wounded.
The komodo dragon bites you!!
* * * LOW HITPOINT WARNING * * *
You take 19 damage, and have 12/69 hp.
MASSIVE DAMAGE!!
Found a scroll of remove curse and a potion of curing.
Found an escape hatch in the ceiling.
Found a stone staircase leading up and a stone staircase leading down.
A steam dragon comes into view.
The steam dragon hisses angrily.
The steam dragon breathes steam at you. The ball of steam hits you!!
You die...

. . #+#. ##..# .... #..#
### #P.# ###.######.#
#.### #P.#.@..<..#
###.#.## ##.l+.§....#
##.<....####..#...§.>.#
#......#.##...##...D..#
#....l..#....###..^....#
##.....#..##.# ...?....#
##.....#.##### #....!.##
##.......# #....<.P
.......###


You could see a komodo dragon.

Vanquished Creatures
  3 two-headed ogres (D:9)
  A cyclops (D:9)
  A manticore (D:8)
  A black mamba (Lair:2)
  A spiny frog (Lair:2)
  A gargoyle (D:10)
  A rime drake (Lair:1)
  A komodo dragon (Lair:2)
  A hornet (D:9)
  A hippogriff (D:4)
  3 blink frogs (Lair:2)
  6 yaks (D:10 Lair:2)
  A wyvern (D:8)
  A porcupine (Lair:1)
  2 water moccasins (D:9 Lair:2)
  3 ice beasts (D:5 D:8 D:10)
  A black bear (D:6)
  A phantom (D:5)
  4 ogres (D:4 D:7 D:8)
  3 orc warriors (D:7 D:8)
  6 centaurs (D:5 D:7 D:8 D:10)
  4 crocodiles (Lair:1)
  2 big kobolds (D:8)
  7 bullfrogs (D:6 D:7 D:9 D:10 Lair:1)
  A gnoll sergeant (D:8)
  5 scorpions (D:7 D:8 D:10)
  5 killer bees (D:7)
  14 wights (D:5 D:6 D:7 D:8)
  3 crimson imps (D:7 D:9)
  2 bullfrog zombies (D:5 D:7)
  A centaur zombie (D:7)
  2 jellies (D:8 D:9)
  4 hounds (D:6 D:7 D:9)
  12 orc wizards (D:3 D:4 D:6 D:7 D:8)
  A quasit (D:7)
  6 orc priests (D:3 D:4 D:6 D:8 D:10)
  3 bullfrog skeletons (D:4 D:8 D:10)
  Natasha (twice) (D:3)
  4 iguanas (D:4 D:5 D:8)
  6 worker ants (D:4 D:5 D:9 D:10)
  A hound zombie (D:9)
  A worker ant zombie (D:6)
  A howler monkey skeleton (D:4)
  3 gnolls (D:7)
  5 adders (D:3 D:5 D:7)
  3 shadow imps (D:6 D:8 D:10)
  An ooze (D:6)
  An adder zombie (D:7)
  An adder skeleton (D:5)
  A worm (D:3)
  3 dart slugs (D:1 D:3)
  5 leopard geckos (D:2 D:3 D:4 D:6 D:8)
  40 orcs (D:3 D:4 D:6 D:7 D:8)
  5 bats (D:1 D:3)
  5 giant cockroaches (D:1 D:3 D:4)
  5 goblins (D:1 D:2 D:3)
  6 hobgoblins (D:1 D:3)
  13 jackals (D:3 D:6 D:8)
  4 quokkas (D:2 D:6 D:9)
  5 frilled lizards (D:1 D:3 D:4 D:5)
  18 kobolds (D:1 D:2 D:3 D:4 D:8)
  A leopard gecko skeleton (D:4)
  A quokka skeleton (D:7)
  14 rats (D:1 D:2 D:3)
270 creatures vanquished.

Vanquished Creatures (others)
  A fungus (Lair:2)
1 creature vanquished.

Grand Total: 271 creatures vanquished

Notes
Turn   | Place    | Note
-------+----------+-------------------------------------------
     0 | D:1      | Monsterracer the Tengu Warper began the quest for the Orb.
     0 | D:1      | Reached XP level 1. HP: 12/12 MP: 4/4
   104 | D:1      | Reached XP level 2. HP: 17/17 MP: 6/6
   177 | D:1      | Reached skill level 3 in Maces & Flails
   369 | D:1      | Reached XP level 3. HP: 22/22 MP: 7/7
   525 | D:1      | Learned a level 2 spell: Blink
  1791 | D:3      | Reached skill level 4 in Maces & Flails
  1791 | D:3      | Reached XP level 4. HP: 24/27 MP: 8/8
  1804 | D:3      | Reached skill level 1 in Shields
  1804 | D:3      | Reached skill level 1 in Evocations
  1896 | D:3      | Gained mutation: You can fly continuously. [Tengu growth]
  1896 | D:3      | Reached XP level 5. HP: 32/32 MP: 9/9
  1934 | D:3      | HP: 15/32 [jackal (3)]
  2470 | D:3      | Noticed Natasha
  2477 | D:3      | HP: 15/32 [Natasha (5)]
  2484 | D:3      | Killed Natasha
  3167 | D:3      | Noticed Natasha
  3176 | D:3      | Killed Natasha
  3176 | D:3      | Reached skill level 5 in Maces & Flails
  3176 | D:3      | Reached XP level 6. HP: 37/37 MP: 10/10
  3474 | D:4      | Found a radiant altar of Vehumet.
  3654 | D:4      | Found a staircase to the Ecumenical Temple.
  3668 | D:4      | HP: 27/55 [iguana (1)]
  3853 | Temple   | Entered the Ecumenical Temple
  3929 | Temple   | Became a worshipper of the Wu Jian Council
  4131 | D:4      | Reached XP level 7. HP: 39/42 MP: 11/11
  4385 | D:4      | Noticed a hippogriff
  4395 | D:4      | HP: 17/42 [hippogriff (7)]
  4398 | D:4      | Killed a hippogriff
  4398 | D:4      | Reached skill level 6 in Maces & Flails
  5063 | D:5      | Entered Level 5 of the Dungeon
  5322 | D:5      | Found a shattered altar of Ashenzari.
  5353 | D:5      | Reached XP level 8. HP: 38/48 MP: 12/12
  5430 | D:5      | Found an iron altar of Okawaru.
  5430 | D:5      | Found a snail-covered altar of Cheibriados.
  5957 | D:5      | Reached skill level 7 in Maces & Flails
  5964 | D:5      | Reached * piety under Wu Jian
  6404 | D:6      | Reached skill level 5 in Fighting
  6670 | D:6      | Found an ancient bone altar of Kikubaaqudgha.
  6677 | D:6      | Reached ** piety under Wu Jian
  6677 | D:6      | Reached skill level 8 in Maces & Flails
  6677 | D:6      | Reached XP level 9. HP: 54/54 MP: 13/13
  6827 | D:7      | HP: 25/54 [orc warrior/+0 war axe (4)]
  7443 | D:7      | Found an opulent altar of Gozag.
  7617 | D:7      | Reached *** piety under Wu Jian
  7617 | D:7      | Reached skill level 5 in Shields
  7617 | D:7      | Reached skill level 5 in Evocations
  7744 | D:7      | Reached skill level 9 in Maces & Flails
  8376 | D:7      | HP: 25/55 [killer bee (3)]
  8381 | D:7      | HP: 21/55 [poisoned by a killer bee]
  8386 | D:7      | HP: 18/55 [poisoned by a killer bee]
  8392 | D:7      | HP: 16/55 [poisoned by a killer bee]
  8398 | D:7      | HP: 15/55 [poisoned by a killer bee]
  8406 | D:7      | HP: 15/55 [poisoned by a killer bee]
  8685 | D:7      | HP: 27/55 [poisoned by a killer bee]
  8693 | D:7      | HP: 26/55 [poisoned by a killer bee]
  8701 | D:7      | HP: 26/55 [poisoned by a killer bee]
  9063 | D:8      | Reached skill level 5 in Armour
  9063 | D:8      | Reached XP level 10. HP: 60/60 MP: 14/14
  9300 | D:8      | Found a stormy altar of Qazlal.
  9348 | D:8      | Noticed Harold
  9350 | D:8      | Reached skill level 10 in Maces & Flails
  9354 | D:8      | HP: 28/61 [Harold/cursed -2 dire flail (18)]
  9356 | D:8      | Noticed Harold
  9356 | D:8      | Harold changed into Harold the manticore
  9395 | D:8      | HP: 29/61 [Harold the manticore/volley of spikes (5)]
  9406 | D:7      | HP: 24/91 [wight/+3 dagger (1)]
  9770 | D:8      | Reached **** piety under Wu Jian
  9785 | D:8      | HP: 29/61 [Harold the manticore (18)]
  9790 | D:8      | Killed Harold the manticore
  9794 | D:8      | HP: 22/61 [wight/cursed +1 spear (1)]
 10434 | D:9      | Noticed a two-headed ogre
 10461 | D:9      | HP: 24/61 [two-headed ogre/+0 giant club (9)]
 10464 | D:9      | Killed a two-headed ogre
 10855 | D:9      | Noticed a two-headed ogre
 10860 | D:9      | Killed a two-headed ogre
 10860 | D:9      | Reached skill level 11 in Maces & Flails
 11044 | D:9      | Found a glowing golden altar of the Shining One.
 11501 | D:10     | Entered Level 10 of the Dungeon
 11518 | D:10     | Noticed a gargoyle
 11530 | D:10     | Killed a gargoyle
 11530 | D:10     | Reached XP level 11. HP: 41/67 MP: 15/15
 11711 | D:10     | Found a staircase to the Lair.
 11813 | D:10     | Noticed a cyclops
 11848 | D:9      | HP: 25/67 [cyclops (11)]
 11850 | D:9      | Killed a cyclops
 11854 | D:9      | Noticed a two-headed ogre
 12015 | D:9      | Killed a two-headed ogre
 12182 | D:10     | Found an iron altar of Okawaru.
 12605 | D:10     | Reached ***** piety under Wu Jian
 12980 | Lair:1   | Entered Level 1 of the Lair of Beasts
 13088 | Lair:1   | Got a pair of translucent boots
 13154 | Lair:1   | Reached skill level 12 in Maces & Flails
 13614 | Lair:1   | Identified the cursed +0 pair of boots of the Stag {rN+ MR-
                  | Int+4 Dex+5} (You found it on level 1 of the Lair of
                  | Beasts)
 13907 | Lair:2   | HP: 31/68 [blink frog (13)]
 13913 | Lair:2   | HP: 18/68 [blink frog (14)]
 13918 | Lair:2   | HP: 8/68 [blink frog (11)]
 14259 | Lair:2   | HP: 32/68 [poisoned by a water moccasin]
 14430 | Lair:2   | HP: 28/69 [komodo dragon (15)]
 14447 | Lair:2   | HP: 12/69 [komodo dragon (19)]
 14463 | Lair:2   | Killed from afar by a steam dragon

Skill      XL: |  1  2  3  4  5  6  7  8  9 10 11 |
---------------+----------------------------------+-----
Maces & Flails | 3 4 5 6 8 9 11 12 | 12.4
Shields        | 1 2 3 4 5 7 |  7.9
Evocations     | 1 2 3 4 5 |  5.0
Fighting       | 3 4 5 6 7 8 |  8.4
Armour         | 3 5 6 7 |  7.9
Throwing       | |  1.0
Dodging        | |  2.1
Spellcasting   | |  2.0
Translocations | |  2.4

Action                   |  1- 3 |  4- 6 |  7- 9 | 10-12 || total
-------------------------+-------+-------+-------+-------++-------
Melee: Mace              |    96 |    13 |       |       ||   109
       Kick              |    25 |    32 |   103 |    91 ||   251
       Peck              |     8 |    16 |    60 |    57 ||   141
       Flail             |       |   120 |   110 |       ||   230
       Morningstar       |       |       |   260 |   368 ||   628
Throw: Throwing net      |       |       |       |     1 ||     1
Invok: Lunge             |       |       |    13 |    24 ||    37
       Whirlwind         |       |       |    13 |    37 ||    50
 Abil: Evoke Berserk Rag |       |     4 |     1 |       ||     5
       Fly               |       |     1 |       |       ||     1
       Wall Jump         |       |       |     2 |       ||     2
Evoke: Wand              |       |       |       |     6 ||     6
  Use: Scroll            |       |    10 |     6 |    10 ||    26
       Potion            |       |       |       |     2 ||     2
 Stab: Sleeping          |     2 |       |       |       ||     2
       Held in net/web   |       |       |       |     1 ||     1
  Eat: Chunk             |     2 |    11 |    10 |    10 ||    33
       Ration            |       |       |     2 |     2 ||     4
Armor: Leather armour    |    25 |       |       |       ||    25
       Scale mail        |     8 |    70 |    18 |       ||    96
       Chain mail        |       |       |   196 |   162 ||   358
       Skin              |       |       |       |    13 ||    13
Dodge: Dodged            |    59 |    45 |    84 |    76 ||   264
Block: Shield            |    10 |    44 |   179 |   167 ||   400

Levels and vault maps discovered:
D:1:      tarquinn_simple_flora_water_e, layout_loops_ring, serial_forest,
          infiniplex_forest_clump_cross, infiniplex_forest_lined_2,
          infiniplex_forest_clump_long, infiniplex_forest_lined_corner,
          infiniplex_forest_clump_double, infiniplex_forest_clump_C,
          infiniplex_forest_lined_4_way, infiniplex_forest_clump_medium,
          infiniplex_forest_lined_3, infiniplex_forest_lined_1,
          minmay_rat_gold_closets
D:2:      layout_loops_cross
D:3:      layout_basic, uniq_natasha
D:4:      layout_gridville, vehumet_altar_wand_db,
          minmay_temple_entry_large_hall, nrook_mini_backslash
D:5:      layout_basic, evilmike_ruin_ashenzari, grunt_temple_overflow_open,
          first_ration
D:6:      layout_gridville, kennysheep_mini
D:7:      layout_loops_corners, nicolae_gozag_seed_capital, grunt_ogre_cave
D:8:      layout_gridville, lemuel_round_altar, st_stairs_5, uniq_harold
D:9:      layout_loops_corners, basic_altar
D:10:     layout_stronghold, lair_entry_dummy, basic_altar,
          minmay_misc_feat_hallway, bh_walls_and_bars
Temple:   eino_wide_crystal_templ
Lair:1:   layout_regular_city, lemuel_fruit_tree, serial_bayou_shore_b
Lair:2:   layout_roguey, serial_bayou_shore_b
